 Dungeon Crawl Stone Soup version 0.22-a0-271-gc000056 (webtiles) character file.

2465 grindst0ne the Fighter (level 9, -5/51 HPs)
             Began as a Vine Stalker Fighter on Mar 11, 2018.
             Killed from afar by an electric eel (10 damage)
             ... with a bolt of electricity
             ... on level 6 of the Dungeon.
             The game lasted 00:13:44 (5331 turns).

grindst0ne the Fighter (Vine Stalker Fighter)       Turns: 5331, Time: 00:13:45

Health: -5/51      AC: 14    Str: 19    XL:     9   Next: 50%
Magic:  0/10       EV:  8    Int: 10    God:
Gold:   411        SH: 14    Dex: 15    Spells: 8/8 levels left

rFire    . . .     SeeInvis .   F - +0 dagger (vamp)
rCold    . . .     Gourm    .   c - +0 shield
rNeg     . . .     Faith    .   r - +0 chain mail
rPois    +         Spirit   +   i - +2 helmet
rElec    .         Reflect  +   x - +0 cloak
rCorr    .         Harm     .   n - +0 pair of gloves
MR       +....                  (no boots)
Stlth    ..........             G - +3 amulet of reflection
HPRegen  0.57/turn              o - +3 ring of evasion
MPRegen  0.12/turn              b - ring of poison resistance

@: no status effects
A: fangs 3, regeneration 1, magic shield, antimagic bite, no potion heal 3, rot
immunity
a: no special abilities


You were on level 6 of the Dungeon.
You were not hungry.

You visited 1 branch of the dungeon, and saw 6 of its levels.
You also visited: Sewer.

You collected 411 gold pieces.

Inventory:

Hand Weapons
 a - a +0 rapier
 w - a +1 whip of flaming
 F - a +0 vampiric dagger (weapon)
Armour
 c - a +0 shield (worn)
 i - a +2 helmet (worn)
 n - a +0 pair of gloves (worn)
 r - a +0 chain mail (worn)
 x - a +0 cloak (worn)
Jewellery
 b - a ring of poison resistance (right hand)
 l - an uncursed ring of see invisible
 m - an uncursed amulet of faith
 o - a +3 ring of evasion (left hand)
 s - an uncursed ring of magical power
 C - a +6 ring of intelligence
 G - a +3 amulet of reflection (around neck)
Wands
 H - a wand of iceblast (5)
Scrolls
 h - 2 scrolls of teleportation
 u - a scroll of immolation {unknown}
 v - 3 scrolls of remove curse
 y - 2 scrolls of amnesia {unknown}
 B - 2 scrolls of enchant armour {unknown}
 D - 2 scrolls of identify
 J - a scroll of fog {unknown}
 K - a scroll of brand weapon {unknown}
 M - a scroll of enchant weapon {unknown}
Potions
 d - a potion of resistance {unknown}
 e - 2 potions of magic
 g - 2 potions of flight
 j - a potion of berserk rage {unknown}
 k - 3 potions of curing
 p - a potion of heal wounds {unknown}
 q - 2 potions of haste {unknown}
 t - a potion of cancellation
 z - 2 potions of brilliance {unknown}
 A - a potion of invisibility
 E - 3 potions of might
 L - a potion of lignification {unknown}
Comestibles
 f - 16 rations
 I - 6 chunks of flesh


   Skills:
 + Level 8.1 Fighting
 + Level 4.3 Short Blades
 - Level 2.4 Armour
 + Level 8.0 Shields


You had 8 spell levels left.
You didn't know any spells.

Dungeon Overview and Level Annotations

Branches:
Dungeon (6/15)
 Temple: D:4-7

Altars:
Sif Muna
Trog


Innate Abilities, Weirdness & Mutations

You have razor-sharp teeth.
Your natural rate of healing is unusually fast.
When hurt, damage is shared between your health and your magic reserves.
Your bite disrupts and absorbs the magic of your enemies.
Potions cannot restore your health.
You are immune to rotting.


Message History

The electric eel is severely wounded.
The electric eel shoots out a bolt of lightning at you!
The bolt of electricity hits the electric eel.
The electric eel completely resists.
The bolt of electricity hits you!
You hit the electric eel.
You kill the electric eel!
You miss the electric eel. You closely miss the electric eel.
Your bite misses the electric eel.
The electric eel shoots out a bolt of lightning at you!
The bolt of electricity hits you! x2
* * * LOW HITPOINT WARNING * * *
The bolt of electricity hits the electric eel.
The electric eel completely resists.
You hit the electric eel.
You feel better.
The electric eel is lightly wounded.
The electric eel shoots out a bolt of lightning at you!
The bolt of electricity hits you!
* * * LOW HITPOINT WARNING * * *
The bolt of electricity hits you!
You die...

#..≈≈≈≈.≈≈≈≈≈^.#
#..≈≈≈≈.≈≈≈≈≈..#
#..≈≈≈≈.≈≈≈≈≈.##
#..≈≈≈≈.......# #
#........≈≈≈≈.# #
#..≈≈≈≈≈.≈≈≈≈.# #
#..≈≈≈≈≈.≈≈≈≈[# #######
#..≈≈≈≈≈.≈≈≈;.##########......
≈≈≈.≈≈≈≈@...........#####
.........##########......
#######(## #.##### #.# #.# #.#
#.# #.###########.#
#.............# #
#############.# # #.# #


You could see an electric eel.

Vanquished Creatures
  Pikel (D:5)
  Menkaure (D:6)
  Duvessa (D:5)
  A water moccasin (D:5)
  An orc warrior (D:4)
  An ice beast (D:5)
  2 ogres
  A phantom (D:2)
  A centaur (D:6)
  A big kobold (Sewer)
  A bullfrog (D:6)
  A wyvern skeleton (D:6)
  Dowan (D:5)
  An electric eel (D:6)
  A howler monkey (D:6)
  2 crimson imps
  3 hounds
  An orc priest (D:5)
  5 orc wizards
  3 iguanas
  3 worker ants
  A hound zombie (D:6)
  2 hound skeletons (D:4)
  Robin (D:4)
  3 gnolls (D:4)
  7 adders
  2 river rats (Sewer)
  2 shadow imps
  2 oozes (D:4)
  7 worms
  3 dart slugs
  4 leopard geckos
  26 orcs
  A ball python (D:3)
  5 bats
  8 giant cockroaches
  16 goblins
  12 hobgoblins
  13 jackals
  4 quokkas
  9 frilled lizards
  10 kobolds
  8 rats
179 creatures vanquished.

Vanquished Creatures (others)
  An orc wizard (D:5)
  A shadow imp (D:5)
  An orc (D:5)
3 creatures vanquished.

Grand Total: 182 creatures vanquished

Notes
Turn   | Place    | Note
-------+----------+-------------------------------------------
     0 | D:1      | grindst0ne the Vine Stalker Fighter began the quest for the Orb.
     0 | D:1      | Reached XP level 1. HP: 11/11 MP: 2/2
    88 | D:1      | Reached XP level 2. HP: 16/16 MP: 3/3
   286 | D:1      | Reached XP level 3. HP: 11/20 MP: 4/4
   825 | D:2      | Found a bloodstained altar of Trog.
   996 | D:2      | Gained mutation: Your natural rate of healing is unusually fast. [Vine Stalker growth]
   996 | D:2      | Reached XP level 4. HP: 24/25 MP: 3/5
  1046 | D:2      | Found a deep blue altar of Sif Muna.
  1176 | D:2      | Noticed a phantom
  1233 | D:2      | Killed a phantom
  1233 | D:2      | Reached XP level 5. HP: 30/30 MP: 4/6
  1587 | D:3      | Found a glowing drain.
  1640 | Sewer    | Entered a sewer
  1726 | Sewer    | Noticed a big kobold
  1736 | Sewer    | Killed a big kobold
  1736 | Sewer    | Reached XP level 6. HP: 34/35 MP: 7/7
  1754 | Sewer    | Found a glowing silver altar of Zin.
  2229 | D:3      | Reached skill level 5 in Fighting
  2233 | D:3      | Reached skill level 5 in Shields
  2367 | D:4      | Reached XP level 7. HP: 37/39 MP: 8/8
  2753 | D:4      | Noticed Robin
  2783 | D:4      | Killed Robin
  3410 | D:5      | Entered Level 5 of the Dungeon
  3412 | D:5      | Gained mutation: You have razor-sharp teeth. [Vine Stalker growth]
  3412 | D:5      | Reached XP level 8. HP: 44/44 MP: 9/9
  3653 | D:5      | Noticed Dowan
  3657 | D:5      | Killed Dowan
  3658 | D:5      | Noticed Duvessa
  3680 | D:5      | Killed Duvessa
  4150 | D:5      | Noticed Pikel
  4229 | D:5      | Killed Pikel
  4229 | D:5      | Reached XP level 9. HP: 51/51 MP: 10/10
  5008 | D:6      | Got a faintly humming leather armour
  5019 | D:6      | Identified the +1 leather armour of Ru's Scorn {+Fly rF+ Str+3} (You found it on level 6 of the Dungeon)
  5079 | D:6      | Noticed Menkaure
  5098 | D:6      | Killed Menkaure
  5331 | D:6      | Killed from afar by an electric eel

Vault maps used:
D:1:      saegor_arrival_simple_b, moated_statue, minmay_hedge_maze
D:2:      cheibrodos_old_hovel, old_standard_altar,
          nicolae_overflow_crystal_walls, first_ration
D:3:      cheibrodos_sewer_entry_bend, dk_vineyard_2
D:4:      minmay_bent, uniq_robin
D:5:      uniq_pikel, uniq_duvessa
D:6:      minivault_14, uniq_menkaure
Sewer:    sewer_kobolds

Skill      XL: |  1  2  3  4  5  6  7  8  9 |
---------------+----------------------------+-----
Fighting       | 3 4 5 6 7 8 |  8.1
Shields        | 3 4 5 6 7 8 |  8.0
Short Blades   | 3 4 |  4.3
Armour         | |  2.4

Action                   |  1- 3 |  4- 6 |  7- 9 || total
-------------------------+-------+-------+-------++-------
Melee: Rapier            |    98 |   189 |   211 ||   498
       Bite              |    21 |    51 |   167 ||   239
       Dagger            |       |       |   271 ||   271
  Use: Scroll            |     4 |     4 |       ||     8
       Potion            |       |     1 |     2 ||     3
  Eat: Chunk             |       |     5 |     8 ||    13
       Ration            |       |       |     2 ||     2
Armor: Scale mail        |    43 |       |       ||    43
       Chain mail        |     8 |    89 |   144 ||   241
Dodge: Dodged            |    28 |    42 |   116 ||   186
Block: Shield            |    45 |    98 |   242 ||   385
       Reflection        |       |       |     1 ||     1

Table legend:
 A = Spawn XP
 B = Non-spawn XP
 C = Spawn XP percentage of total XP
 D = Spawn monster count
 E = Non-spawn monster count
 F = Spawn count percentage of total count
 G = Total turns spent on level
                    A         B        C        D         E        F      G
               +---------+---------+-------+---------+---------+-------+---------
         Total |       0 |    3522 |   0.0 |       0 |     179 |   0.0 |  5331
               +---------+---------+-------+---------+---------+-------+---------
           D:1 |       0 |      47 |   0.0 |       0 |      29 |   0.0 |   715
           D:2 |       0 |     198 |   0.0 |       0 |      23 |   0.0 |   824
           D:3 |       0 |     208 |   0.0 |       0 |      28 |   0.0 |   582
           D:4 |       0 |     615 |   0.0 |       0 |      47 |   0.0 |  1117
           D:5 |       0 |    1559 |   0.0 |       0 |      22 |   0.0 |  1154
           D:6 |       0 |     766 |   0.0 |       0 |      22 |   0.0 |   767
         Sewer |       0 |     129 |   0.0 |       0 |       8 |   0.0 |   172
               +---------+---------+-------+---------+---------+-------+---------
